 Dungeon Crawl Stone Soup version 0.30-a0-622-gddc90eaa04 (webtiles) character file.

Game seed: 297705375594661610

26665 Leeroy the Brawler (level 13, -5/109 HPs)
             Began as a Red Draconian Transmuter on Jan 10, 2023.
             Was an Elder of Wu Jian.
             Slain by a death yak (24 damage)
             ... on level 5 of the Lair of Beasts.
             The game lasted 00:39:17 (17004 turns).

Leeroy the Brawler (Red Draconian Transmuter)      Turns: 17004, Time: 00:39:18

Health: -5/109     AC:  7    Str: 17    XL:     13   Next: 0%
Magic:  27/30      EV: 16    Int: 14    God:    Wu Jian [****..]
Gold:   1054       SH:  0    Dex: 12    Spells: 28/38 levels left

rFire   x . .      SeeInvis .      - Unarmed
rCold   + + +      Faith    .    (shield currently unavailable)
rNeg    . . .      Spirit   .    (body armour unavailable)
rPois   +          Reflect  .    (helmet currently unavailable)
rElec   .          Harm     .    (cloak currently unavailable)
rCorr   .          Rampage  .    (gloves currently unavailable)
Will    .....                    (boots currently unavailable)
Stlth   +                        (no amulet)
HPRegen 0.38/turn                T - ring of poison resistance
MPRegen 0.22/turn                I - +5 ring of evasion

@: ice-form
A: freezing attack, amphibious, boosted hp, (breathe fire), AC +8, large,
unfitting armour, (fire resistance 1), (cold-blooded)
a: End Transformation, Renounce Religion, Wall Jump, Serpent's Lash


You were on level 5 of the Lair of Beasts.
You worshipped Wu Jian.
Wu Jian was greatly pleased with you.
You were a creature of crystalline ice.
You visited 3 branches of the dungeon, and saw 14 of its levels.
You also visited: Sewer, Ossuary and Bailey.

You collected 1054 gold pieces.

Inventory:

Hand Weapons
 v - a +1 dagger of venom
 x - a +2 short sword of speed
Missiles
 t - 18 poisoned darts
 V - 4 throwing nets
Armour
 c - a +0 pair of boots (melded)
 p - a +0 pair of gloves (melded)
 w - a +0 cloak
 P - a scarf of resistance (melded)
 Z - a +2 hat (melded)
Jewellery
 i - a ring of see invisible
 I - a +5 ring of evasion (right front paw)
 K - a ring of ice
 O - a ring of fire
 Q - a ring of resist corrosion
 T - a ring of poison resistance (left front paw)
Wands
 s - a wand of polymorph (32)
 u - a wand of paralysis (10)
 R - a wand of roots (4)
 W - a wand of digging (4)
Scrolls
 d - a scroll of silence
 f - 3 scrolls of torment {unknown}
 g - 5 scrolls of noise
 h - 5 scrolls of fog {unknown}
 j - 2 scrolls of fear {unknown}
 l - 6 scrolls of enchant weapon {unknown}
 m - 13 scrolls of identify
 o - 8 scrolls of teleportation
 q - a scroll of poison {unknown}
 r - a scroll of acquirement
 y - 3 scrolls of magic mapping {unknown}
 B - 5 scrolls of blinking {unknown}
 D - a scroll of vulnerability {unknown}
 M - 2 scrolls of amnesia {unknown}
 N - a scroll of brand weapon {unknown}
 S - 4 scrolls of enchant armour {unknown}
 Y - a scroll of immolation {unknown}
Potions
 a - 3 potions of lignification
 b - 3 potions of degeneration {unknown}
 e - 5 potions of brilliance {unknown}
 k - 7 potions of curing {unknown}
 n - 4 potions of might {unknown}
 z - 2 potions of attraction
 A - a potion of magic
 E - 4 potions of haste
 G - 3 potions of mutation {unknown}
 H - a potion of resistance {unknown}
 J - a potion of invisibility {unknown}
 L - 2 potions of flight {unknown}
 U - 2 potions of cancellation {unknown}


   Skills:
 + Level 2.0 Fighting
 - Level 4.1 Dodging
 - Level 15.2 Unarmed Combat
 - Level 13.2 Spellcasting
 - Level 7.0 Transmutations


You had 28 spell levels left.
You knew the following spells:

 Your Spells              Type           Power      Damage    Failure   Level
a - Beastly Appendage     Tmut           56%        N/A       1%          1
b - Wereblood             Tmut           28%        N/A       1%          2
c - Spider Form           Tmut/Pois      19%        N/A       5%          3
d - Ice Form              Ice/Tmut       19%        N/A       19%         4

Your spell library contained the following spells:

 Spells                   Type           Power      Damage    Failure   Level
 Sting                    Tmut/Pois      76%        1d6       1%          1
 Passwall                 Tmut/Erth      15%        N/A       2%          2
 Summon Small Mammal      Summ           36%        N/A       8%          1
 Ensorcelled Hibernation  Hex/Ice        18%        N/A       12%         2
 Poisonous Vapours        Pois/Air       18%        N/A       12%         2
 Call Canine Familiar     Summ           9%         N/A       22%         3
 Summon Guardian Golem    Hex/Summ       9%         N/A       22%         3
 Swiftness                Air            9%         N/A       22%         3
 Olgreb's Toxic Radiance  Pois           9%         N/A       58%         4
 Summon Lightning Spire   Summ/Air       9%         N/A       58%         4
 Storm Form               Tmut/Air       9%         N/A       100%        7
 Maxwell's Capacitive Co  Air            4%         ∞         100%        8


Dungeon Overview and Level Annotations

Branches:
Dungeon (8/15)             Temple (1/1) D:5            Lair (5/5) D:8
 Shoals (0/4) Lair:2        Snake (0/4) Lair:2        Slime (0/5) Lair:4
  Sewer (visited)         Ossuary (visited)          Bailey (visited)

Altars:
Ashenzari
Cheibriados
Dithmenos
Elyvilon
Fedhas
Gozag
Hepliaklqana
Kikubaaqudgha
Makhleb
Nemelex Xobeh
Okawaru
Qazlal
Ru
Sif Muna
Trog
Uskayaw
Vehumet
Wu Jian
Yredelemnul
Zin
The Shining One
Jiyva

Shops:
D:2 ([!(   D:3 (   D:7 (**((

Annotations:
Lair:2 exclusion: oklob plant
Lair:4 2 transporters, rigao's ghost, journeyman GrHW


Innate Abilities, Weirdness & Mutations

You are a creature of crystalline ice.
You have a powerful freezing melee attack.
You are amphibious.
Your maximum health is increased.
Your armour is entirely melded.
You are incapable of wielding weapons or throwing items.
((You can breathe blasts of fire.))
((Your fiery red scales are hard. (AC +8)))
You cannot fit into any form of body armour.
((Your flesh is heat resistant. (rF+)))
((You are cold-blooded and may be slowed by cold attacks.))


Message History

You kill the elephant!
The Council accepts your kill.
You have reached level 13!
HP restored.
You have got your breath back.
Found 6 stones.
You see here 6 stones.
The death yak bellows! x2; You hear a bellow!
You hear a loud, deep croak!
Casting: Beastly Appendage (safe; 1% risk of failure)
Confirm with . or Enter, or press ? or * to list all spells.
Okay, then.
The death yak bellows! x2
Casting: Beastly Appendage (safe; 1% risk of failure)
Confirm with . or Enter, or press ? or * to list all spells.
You turn into a creature of crystalline ice.
Your scarf of resistance melds into your body.
Your +2 hat melds into your body.
Your +0 pair of gloves melds into your body.
Your +0 pair of boots melds into your body.
You feel hot and cold all over.
You hit the death yak but do no damage. The death yak gores you.
The death yak gores you! The death yak attacks as you move away!
The death yak gores you but does no damage.
The death yak attacks as you move away! The death yak gores you!!
The death yak attacks as you move away! The death yak gores you!!
You spin and attack the death yak.
You hit the death yak but do no damage.
You spin and attack the death yak.
You pummel the death yak!! You freeze the death yak.
The death yak is moderately wounded.
A cane toad comes into view.
The death yak gores you!!
* * * LOW HITPOINT WARNING * * *
Okay, then.
Okay, then.
As you read the scroll of summoning, it crumbles to dust.
Wisps of shadow whirl around you...
The cane toad gives a loud, deep croak!
The death yak gores you!!
You die...

............P#.# ##.............#
............P#####...............
.............# #................#
...<.........###...............##
..†...........#....P............#
##.........#..##............P..##
#...#†....######.............P#.#
#.....†.### ##l#..#.##..##.#####(
......#######..YYY####.##### ##
.....P#.##.....YYYS..###
.#.....##......YY.....#
####..YY..............#
#....Y.............##
#....≈≈≈............#
###..≈.≈....F......P#
#...≈.≈..........###
#...≈.≈..........#


You could see 6 death yaks, a cane toad, a friendly catoblepas (summoned), a
friendly komodo dragon (summoned) and a friendly water moccasin (summoned).

Vanquished Creatures
  Kirke (Lair:4)
  An orc warlord (Bailey)
  Harold (Lair:2)
  5 elephants (Lair:5)
  3 black mambas
  A merfolk siren (Lair:2)
  2 torpor snails (Lair:2)
  7 cane toads
  A rime drake (Lair:4)
  5 komodo dragons
  A merfolk (Lair:2)
  A polar bear (Lair:1)
  14 blink frogs
  Sigmund (D:4)
  2 wyverns
  A hog (Lair:4)
  36 yaks
  2 basilisks (Lair:2)
  2 nagas (Lair:2)
  9 water moccasins
  2 sky beasts
  2 ice beasts (D:7)
  Pargi (Sewer)
  13 orc warriors
  24 wolves
  A black bear (Lair:2)
  2 centaurs
  An ogre (D:4)
  Blork the orc (D:6)
  10 bullfrogs
  A gnoll sergeant (D:6)
  A kobold brigand (D:6)
  6 scorpions
  3 electric eels
  A centaur zombie (Ossuary)
  6 crimson imps (D:7)
  5 hounds
  7 jellies
  Crazy Yiuf (D:4)
  3 orc priests
  3 iguanas
  Ijyb (D:4)
  2 orc wizards (D:8)
  7 hell rats (Lair:5)
  4 ogre zombies (Ossuary)
  8 mummies
  19 gnolls
  6 adders
  A shadow imp (D:7)
  3 white imps (D:7)
  An ufetubus (D:5)
  2 adder zombies (Ossuary)
  6 worms
  A dart slug (D:4)
  19 orcs
  12 endoplasms
  4 giant cockroaches
  13 goblins
  14 hobgoblins
  5 jackals
  2 quokkas
  7 ball pythons
  17 bats
  3 frilled lizards
  A goblin zombie (Ossuary)
  7 hobgoblin zombies (Ossuary)
  13 kobolds
  3 kobold zombies (Ossuary)
  9 quokka zombies (Ossuary)
  2 rats
  3 rat zombies (Ossuary)
385 creatures vanquished.

Vanquished Creatures (others)
  3 humans (Lair:4)
  A butterfly (Lair:4)
  26 fungi
  29 plants
59 creatures vanquished.

Grand Total: 444 creatures vanquished

Notes
Turn   | Place    | Note
-------+----------+-------------------------------------------
     0 | D:1      | Leeroy the Draconian Transmuter began the quest for the
                  | Orb.
     0 | D:1      | Reached XP level 1. HP: 16/16 MP: 3/3
   175 | D:1      | Found a faded altar of an unknown god.
   260 | D:1      | Reached XP level 2. HP: 16/23 MP: 5/5
   298 | D:1      | Learned a level 2 spell: Wereblood
   782 | D:2      | Found Buwiuloga's Weapon Shoppe.
   794 | D:2      | Reached skill level 4 in Unarmed Combat
   855 | D:2      | Found Woabb's Antique Armour Emporium.
   884 | D:2      | Reached XP level 3. HP: 17/28 MP: 4/6
  1086 | D:2      | Found Qosousey's Weapon Shoppe.
  1144 | D:2      | Found Ezxycse's Distillery.
  1446 | D:3      | Found Ilec's Weapon Shoppe.
  1606 | D:3      | Reached XP level 4. HP: 29/36 MP: 5/7
  1769 | D:3      | Found a hide-covered altar of Uskayaw.
  1769 | D:3      | Found a blossoming altar of Fedhas.
  1980 | D:4      | Reached skill level 5 in Unarmed Combat
  2007 | D:4      | Learned a level 3 spell: Spider Form
  2040 | D:4      | Noticed Sigmund
  2054 | D:4      | Killed Sigmund
  2055 | D:4      | Reached XP level 5. HP: 37/41 MP: 1/8
  2082 | D:4      | Reached XP level 6. HP: 48/48 MP: 4/9
  2184 | D:4      | Found a glowing drain.
  2223 | Sewer    | Entered a sewer
  2265 | Sewer    | Noticed Pargi
  2276 | Sewer    | Killed Pargi
  2277 | Sewer    | Reached skill level 5 in Transmutations
  2718 | D:4      | Noticed Ijyb
  2724 | D:4      | Your scales start taking on a fiery red colour.
  2724 | D:4      | Reached XP level 7. HP: 55/55 MP: 6/10
  2724 | D:4      | Gained mutation: Your flesh is heat resistant. (rF+) [Red
                  | Draconian growth]
  2731 | D:4      | Killed Ijyb
  3578 | D:4      | Found a runed translucent door.
  3579 | D:4      | Noticed Crazy Yiuf
  3644 | D:4      | Killed Crazy Yiuf
  3757 | D:5      | Entered Level 5 of the Dungeon
  3789 | D:5      | Found a sand-covered staircase.
  3866 | D:5      | Learned a level 4 spell: Ice Form
  3867 | Ossuary  | Entered an ossuary
  4278 | Ossuary  | Reached XP level 8. HP: 52/61 MP: 11/11
  4644 | Ossuary  | Reached skill level 6 in Unarmed Combat
  5009 | D:5      | Found a staircase to the Ecumenical Temple.
  5052 | Temple   | Entered the Ecumenical Temple
  5233 | Temple   | Became a worshipper of the Wu Jian Council
  5785 | D:6      | Reached skill level 7 in Unarmed Combat
  6051 | D:6      | Noticed Blork the orc
  6066 | D:6      | Killed Blork the orc
  6478 | D:6      | Reached skill level 8 in Unarmed Combat
  7429 | D:7      | Found Zyrus's Weapon Emporium.
  7457 | D:7      | Found Buetawn's Elemental Accessories.
  7466 | D:7      | Found a flagged portal.
  7525 | Bailey   | Entered a bailey
  7736 | Bailey   | Reached * piety under Wu Jian
  7746 | Bailey   | Reached skill level 9 in Unarmed Combat
  7749 | Bailey   | Reached XP level 9. HP: 61/67 MP: 9/12
  7922 | Bailey   | Reached skill level 10 in Unarmed Combat
  8169 | Bailey   | Noticed an orc warlord
  8183 | Bailey   | Killed an orc warlord
  8183 | Bailey   | Reached ** piety under Wu Jian
  8184 | Bailey   | Reached skill level 11 in Unarmed Combat
  8194 | Bailey   | Reached skill level 12 in Unarmed Combat
  8368 | D:7      | Found Ysiteobi's Weapon Emporium.
  8412 | D:7      | Found Cineur's Assorted Antiques.
  8625 | D:7      | Reached XP level 10. HP: 73/73 MP: 13/13
  8639 | D:7      | Found a burning altar of Makhleb.
  8895 | D:7      | Found Ticuigh's Antique Weapon Shop.
  9746 | D:8      | Found the +7 Kryia's mail coat {PotionHeal*2 rC+}
  9758 | D:8      | Reached skill level 13 in Unarmed Combat
  9782 | D:8      | Noticed a moth of wrath
  9785 | D:8      | Found a bloodstained altar of Trog.
 10009 | D:8      | Reached *** piety under Wu Jian
 10089 | D:8      | Found a staircase to the Lair.
 10325 | Lair:1   | Entered Level 1 of the Lair of Beasts
 10396 | Lair:1   | Noticed a cane toad
 10401 | Lair:1   | Killed a cane toad
 10855 | Lair:1   | Reached skill level 14 in Unarmed Combat
 10931 | Lair:1   | Noticed a cane toad
 10941 | Lair:1   | Killed a cane toad
 11520 | Lair:1   | Reached skill level 15 in Unarmed Combat
 11520 | Lair:1   | Reached XP level 11. HP: 22/79 MP: 10/14
 11926 | Lair:2   | Noticed Harold
 11943 | Lair:2   | Killed Harold
 12043 | Lair:2   | Reached skill level 5 in Spellcasting
 12386 | Lair:2   | Found a staircase to the Snake Pit.
 13156 | Lair:2   | Found a staircase to the Shoals.
 13596 | Lair:2   | Noticed an oklob plant
 13772 | Lair:3   | Reached XP level 12. HP: 51/85 MP: 17/25
 13775 | Lair:3   | Reached **** piety under Wu Jian
 14689 | Lair:4   | Reached skill level 10 in Spellcasting
 15089 | Lair:4   | Found a viscous altar of Jiyva.
 15089 | Lair:4   | Found a staircase to the Slime Pits.
 15220 | Lair:4   | Noticed Kirke
 15236 | Lair:4   | Killed Kirke
 15571 | Lair:4   | Found a transporter.
 15625 | Lair:4   | Found a transporter.
 15654 | Lair:4   | Found a bloodstained altar of Trog.
 15655 | Lair:4   | Noticed rigao's ghost (journeyman GrHW)
 16461 | Lair:5   | Entered Level 5 of the Lair of Beasts
 16499 | Lair:5   | Noticed a death yak
 16499 | Lair:5   | Noticed a death yak
 16500 | Lair:5   | Noticed a death yak
 16500 | Lair:5   | Noticed a death yak
 16500 | Lair:5   | Noticed a death yak
 16501 | Lair:5   | Noticed a death yak
 16549 | Lair:5   | HP: 1/85 [black mamba (8)]
 16955 | Lair:5   | Reached XP level 13. HP: 90/91 MP: 30/30
 17004 | Lair:5   | Slain by a death yak

Illustrated notes

Levels and vault maps discovered:
D:1:      mrwooster_arrival_statue_3, layout_basic,
          nicolae_ecumenical_snake_handling
D:2:      layout_rooms, serial_shops, nicolae_shop_stone, shop, shop, shop
D:3:      layout_rooms, gammafunk_temple_overflow_wave, serial_shops, shop,
          hangedman_abyss_or_decor_stabs
D:4:      layout_layer_cave, cheibrodos_sewer_entry_sluice, grunt_ministairs_10,
          chequers_serial_rivers_small_a, uniq_sigmund, uniq_crazy_yiuf_cottage,
          uniq_ijyb
D:5:      layout_basic, temple_fountains, gup_ossuary_entry_pyramid
D:6:      layout_layer_cave, uniq_blork_the_orc
D:7:      layout_cave_pods, mainiacjoe_overflow_surrounded_room, enter_bailey_2,
          serial_shops, nicolae_shop_window_shopping, nicolae_diamond_shop,
          nicolae_shop_statue_plus, nicolae_inconvenience_store,
          nrook_mini_backslash, st_stairs_11, nicolae_elemental_shop,
          minmay_nine_imps
D:8:      layout_loops_ring, tgw_trog, dpeg_oklobed_lair
Temple:   nicolae_temple_bog_church
Lair:1:   layout_regular_city, serial_bayou_shore_b
Lair:2:   minmay_lair_oklob_chamber, layout_cave_pods, elwin_shoals_entry_rooms,
          guppyfry_snake_entry_island, uniq_harold
Lair:3:   layout_gridlike, kennysheep_catoblepas_arena,
          infiniplex_staircase_pool_2, serial_bayou_shore_a
Lair:4:   layout_small_grid, nicolae_slime_entry_slimehenge,
          gammafunk_ghost_wrathful_warriors, lemuel_fruit_tree,
          grunt_megastairs_3, serial_bayou_shore_b, lemuel_fruit_fields,
          uniq_kirke
Lair:5:   evilmike_catoblepas_cave, layout_cave_pods,
          chequers_serial_rivers_micro_d

Skill      XL: |  1  2  3  4  5  6  7  8  9 10 11 12 |
---------------+-------------------------------------+-----
Unarmed Combat | 4 5 9 12 15 | 15.2
Fighting       | 2 |  2.0
Transmutations | 4 6 7 |  7.0
Dodging        | 4 |  4.1
Spellcasting   | 9 13 | 13.2

Action                   |  1- 3 |  4- 6 |  7- 9 | 10-12 | 13-15 || total
-------------------------+-------+-------+-------+-------+-------++-------
Melee: Unarmed           |   154 |   102 |   423 |   732 |     3 ||  1414
       Tailslap          |    12 |    11 |    49 |    60 |       ||   132
       Kick              |     4 |     5 |    31 |     4 |       ||    44
       Headbutt          |     3 |     4 |    13 |     5 |       ||    25
       Punch             |     1 |     2 |    21 |    25 |       ||    49
 Cast: Beastly Appendage |     3 |     8 |     9 |     5 |       ||    25
       Spider Form       |       |     3 |     9 |     9 |       ||    21
       Wereblood         |       |       |     6 |       |       ||     6
       Ice Form          |       |       |       |    15 |     1 ||    16
Invok: Lunge             |       |       |    10 |    29 |       ||    39
       Whirlwind         |       |       |     8 |   135 |     2 ||   145
       Serpent's Lash    |       |       |       |     5 |       ||     5
 Abil: Breathe Fire      |       |       |     8 |     8 |       ||    16
       Wall Jump         |       |       |       |    27 |       ||    27
Evoke: Wand              |       |       |       |     7 |       ||     7
  Use: Scroll            |       |     1 |     6 |     1 |     1 ||     9
       Potion            |       |       |     3 |     4 |       ||     7
 Stab: Sleeping          |     3 |       |     2 |     1 |       ||     6
Armor: Skin              |    60 |    53 |    86 |    87 |     1 ||   287
Dodge: Dodged            |   122 |    81 |   260 |   420 |       ||   883

Table legend: (Time is in decaauts)
 A = Elapsed time spent in this place.
 B = Non-inter-level travel time spent in this place.
 C = Inter-level travel time spent in this place.
 D = Time resting spent in this place.
 E = Time spent auto-exploring this place.
 F = Levels seen in this place.
 G = Mean time per level.
                   A        B        C        D        E       F      G
               +--------+--------+--------+--------+--------+-----+--------+
         Total |  16900 |  16362 |    538 |    948 |  12680 |  17 |  994.1 |
       Dungeon |   8326 |   8002 |    324 |    456 |   6111 |   8 | 1040.8 |
        Temple |    211 |    164 |     47 |      0 |    149 |   1 |  211.0 |
          Lair |   6623 |   6456 |    167 |    453 |   5153 |   5 | 1324.6 |
         Sewer |    137 |    137 |      0 |      0 |     84 |   1 |  137.0 |
       Ossuary |    779 |    779 |      0 |      0 |    584 |   1 |  779.0 |
        Bailey |    823 |    823 |      0 |     39 |    599 |   1 |  823.0 |
               +--------+--------+--------+--------+--------+-----+--------+

Top non-repeatable levels by time:
  Lair:2: 2095 daAuts
  Lair:4: 1766 daAuts
     D:4: 1641 daAuts
     D:6: 1496 daAuts
  Lair:1: 1313 daAuts
     D:7: 1208 daAuts
     D:5: 1142 daAuts
  Lair:3: 935 daAuts
     D:8: 884 daAuts
  Bailey: 823 daAuts
     D:1: 780 daAuts
 Ossuary: 779 daAuts
     D:3: 600 daAuts
     D:2: 572 daAuts
  Lair:5: 512 daAuts
